 Dungeon Crawl Stone Soup version 0.14-a0-1707-g75daffb (webtiles) character file.

196 Piginabag the Ducker (level 4, 0/37 HPs)
             Began as a Demonspawn Monk on Jan 1, 2014.
             Succumbed to an adder's poison
             ... on Level 2 of the Dungeon.
             The game lasted 00:05:21 (2485 turns).

Piginabag the Ducker (Demonspawn Monk)              Turns: 2485, Time: 00:05:22

HP   0/37        AC  2     Str 17      XL: 4   Next: 66%
MP   4/4         EV 20     Int 16      God:
Gold 82          SH  0     Dex 21      Spells:  0 memorised,  3 levels left

rFire  + . .     SeeInvis .     q - +0,+3 orc mace
rCold  + . .     Clarity  .     a - +0 robe
rNeg   . . .     Conserve .     (no shield)
rPois  +         rCorr    .     (no helmet)
rElec  +         rRot     .     (no cloak)
SustAb . .       Spirit   .     (no gloves)
rMut   .         Warding  .     (no boots)
Saprov + . .     Stasis   .     (no amulet)
                                (no ring)
                                (no ring)

@: mighty, brilliant, agile, mildly poisoned, slightly resistant to hostile
enchantments, quite stealthy
A: poison resistance, saprovore 1
a: no special abilities


You were on level 2 of the Dungeon.
You were hungry.

You visited 1 branch of the dungeon, and saw 2 of its levels.

You collected 82 gold pieces.

Inventory:

Hand weapons
 q - a +0,+3 orcish mace (weapon)
Armour
 a - a +0 robe (worn)
Comestibles
 b - 2 bread rations
 d - 2 meat rations
 r - a rotting chunk of human flesh
Scrolls
 c - 4 scrolls of teleportation {unknown}
 e - a scroll of enchant armour {unknown}
 f - 2 scrolls of amnesia {unknown}
 h - a scroll of recharging {unknown}
 k - a scroll of identify {unknown}
 m - a scroll of fear {unknown}
 p - a scroll of fog {unknown}
 s - 5 scrolls of remove curse {unknown}
Potions
 n - a potion of coagulated blood
 t - a potion of invisibility {unknown}


   Skills:
 + Level 3.7 Fighting
 + Level 3.9 Dodging
 + Level 2.5 Stealth
 - Level 3.8 Unarmed Combat


You had 3 spell levels left.
You didn't know any spells.

Dungeon Overview and Level Annotations

Branches:
Dungeon (2/16)

Altars:


Innate Abilities, Weirdness & Mutations

You can tolerate rotten meat.
Your system is resistant to poisons.


Message History

You feel sick.
Drink which item? (? for menu, Esc to quit)
You feel clever all of a sudden.
It was a potion of brilliance.
* * * LOW HITPOINT WARNING * * *
You feel sick.
You feel a little better.
Drink which item? (? for menu, Esc to quit)
You feel agile all of a sudden.
It was a potion of agility.
Drink which item? (? for menu, Esc to quit)
You feel protected.
It was a potion of resistance.
* * * LOW HITPOINT WARNING * * *
You feel sick.
You feel a little better.
Drink which item? (? for menu, Esc to quit)
You feel healthy.
You feel fantastic!
It was a potion of beneficial mutation.
You die...

######'##### ........
#............# ........
#.............. .........
#.............# .........
#..........%..# .........
#.............#..........
#............# #######'#
######'####### #.(.>.#
#..@# ####'#####
######'##### #..(.....#
#.......<..# #........#
#..........# #........#
#..........###..).....#
#..........'.'........#
#..........###........+
#..........# #........#
#..........# ##########


There were no monsters in sight!

Vanquished Creatures
  Jessica (D:2)
  2 adders (D:2)
  A giant mite (D:1)
  3 worms (D:2)
  2 giant geckos (D:2)
  3 orcs (D:2)
  2 bats
  2 giant cockroaches (D:1)
  3 goblins (D:2)
  9 hobgoblins
  7 jackals
  A giant newt (D:1)
  4 kobolds
  5 rats
45 creatures vanquished.

Notes
Turn   | Place    | Note
--------------------------------------------------------------
     0 | D:1      | Piginabag, the Demonspawn Monk, began the quest for the Orb.
     0 | D:1      | Reached XP level 1. HP: 18/18 MP: 1/1
   221 | D:1      | Gained mutation: You can tolerate rotten meat. [demonic ancestry]
   221 | D:1      | Reached XP level 2. HP: 22/24 MP: 2/2
   948 | D:1      | Reached XP level 3. HP: 27/29 MP: 3/3
  2076 | D:2      | Noticed Jessica
  2104 | D:2      | Killed Jessica
  2104 | D:2      | Reached XP level 4. HP: 8/35 MP: 4/4
  2484 | D:2      | HP: 1/37 [poisoned by an adder]
  2485 | D:2      | Gained mutation: Your system is resistant to poisons. [potion of beneficial mutation]
  2485 | D:2      | Succumbed to an adder's poison

Action                   |  1- 3 |  4- 6 || total
-------------------------+-------+-------++-------
Melee: Unarmed           |   165 |       ||   165
       Mace              |    20 |    23 ||    43
  Use: Potion            |       |     5 ||     5
 Stab: Sleeping          |     3 |       ||     3
